 Dungeon Crawl Stone Soup version 0.31-b1-18-g61460d1e46 (webtiles) character file.

Game seed: 14821066710731347319

22 Arctor the Vexing (level 2, 0/23 HPs)
             Began as a Gnoll Hexslinger on Jan 17, 2024.
             Slain by an adder (2 damage)
             ... on level 2 of the Dungeon.
             The game lasted 00:00:50 (259 turns).

Arctor the Vexing (Gnoll Hexslinger)                 Turns: 259, Time: 00:00:51

Health: 0/23       AC:  2    Str:  7    XL:     2   Next: 91%
Magic:  5/5        EV: 13    Int: 12    God:
Gold:   35         SH:  0    Dex: 14    Spells: 6/6 levels left

rFire   . . .        a - +1 sling
rCold   . . .        (no shield)
rNeg    . . .        c - +0 robe
rPois   .            (no helmet)
rElec   .            (no cloak)
rCorr   .            (no gloves)
SInv    .            (no boots)
Will    .....        (no amulet)
Stlth   +            (no ring)
HPRegen 0.23/turn    (no ring)
MPRegen 0.09/turn

%: no passive effects
@: lethally poisoned (0 -> -4)
A: fangs 1, strong nose, distributed training
a: no special abilities


You were on level 2 of the Dungeon.
You visited 1 branch of the dungeon, and saw 2 of its levels.

You collected 35 gold pieces.

Inventory:

Hand Weapons
 a - a +1 sling (weapon)
Armour
 c - a +0 robe (worn)


   Skills:
 + Level 2.5 Fighting
 + Level 0.5 Short Blades
 + Level 0.5 Long Blades
 + Level 0.5 Axes
 + Level 0.5 Maces & Flails
 + Level 0.5 Polearms
 + Level 0.5 Staves
 + Level 4.5 Ranged Weapons
 + Level 0.5 Throwing
 + Level 0.5 Armour
 + Level 4.5 Dodging
 + Level 0.5 Stealth
 + Level 0.5 Shields
 + Level 0.5 Unarmed Combat
 + Level 2.7 Spellcasting
 + Level 0.4 Conjurations
 + Level 5.4 Hexes
 + Level 0.4 Summonings
 + Level 0.4 Necromancy
 + Level 0.4 Translocations
 + Level 2.0 Fire Magic
 + Level 0.4 Ice Magic
 + Level 0.4 Air Magic
 + Level 0.4 Earth Magic
 + Level 0.4 Alchemy
 + Level 0.7 Invocations
 + Level 0.5 Evocations
 + Level 0.5 Shapeshifting


You had 6 spell levels left.
You didn't know any spells.
Your spell library contained the following spells:

 Spells                   Type           Power      Damage    Failure   Level
 Jinxbite                 Hex            28%        N/A       4%          2
 Sigil of Binding         Hex            14%        N/A       9%          3
 Inner Flame              Hex/Fire       10%        N/A       16%         3
 Sting                    Conj/Alch      8%         1d3       22%         1
 Cause Fear               Hex            7%         N/A       26%         4
 Mercury Vapours          Alch/Air       4%         N/A       32%         2
 Dimensional Bullseye     Hex/Tloc       4%         N/A       58%         4
 Olgreb's Toxic Radiance  Alch           2%         N/A       91%         4


Dungeon Overview and Level Annotations

Branches:
Dungeon (2/15)

Altars:

Shops:
D:1 :


Innate Abilities, Weirdness & Mutations

You have very sharp teeth.
Your uncanny sense of smell can sniff out nearby items.
Your experience applies equally to all skills.


Message History

The adder is heavily wounded.
You feel sick.
You are no longer poisoned.
The adder misses you.
You shoot a sling bullet.
The sling bullet hits the adder but does no damage.
The adder is heavily wounded.
The adder misses you. The adder closely misses you. The rat closely misses you.
The adder closely misses you. The rat barely misses you. The adder misses you.
You shoot a sling bullet. The sling bullet hits the adder.
The adder is almost dead.
The adder barely misses you. x2; The rat bites you but does no damage.
You shoot a sling bullet.
The sling bullet hits the adder but does no damage.
The adder is almost dead.
The adder barely misses you. The adder bites you. The adder misses you.
The rat bites you. The adder closely misses you.
You shoot a sling bullet.
The sling bullet barely misses the adder.
The sling bullet misses the frilled lizard.
The adder bites you but does no damage. The adder bites you. The rat bites you.
The adder bites you.
* * * LOW HITPOINT WARNING * * *
You are lethally poisoned!
The adder poisons you!
You are too injured to fight recklessly!
You are too injured to fight recklessly!
You are too injured to fight recklessly!
You shoot a sling bullet.
The sling bullet closely misses the adder.
* * * LOW HITPOINT WARNING * * *
You feel sick. The adder barely misses you. The rat misses you.
The adder bites you.
* * * LOW HITPOINT WARNING * * *
The adder closely misses you.
You shoot a sling bullet.
The sling bullet barely misses the adder.
* * * LOW HITPOINT WARNING * * *
You feel sick. The adder bites you.
You die...

#####.#
#.....#
#S##...#
#@# .#
∆#rS......
#l.......
∆.........
...#....#
..#.......
.. .# ##.#
#.# ## .#


You could see 2 adders, a frilled lizard and a rat.

Vanquished Creatures
  A dart slug (D:1)
  A giant cockroach (D:1)
  A goblin (D:1)
  4 hobgoblins (D:1)
  3 jackals (D:1)
  2 kobolds (D:1)
  A quokka (D:1)
  2 bats (D:1)
  A frilled lizard (D:1)
  A rat (D:2)
17 creatures vanquished.

Notes
Turn   | Place    | Note
-------+----------+-------------------------------------------
     0 | D:1      | Arctor the Gnoll Hexslinger began the quest for the Orb.
     0 | D:1      | Reached XP level 1. HP: 17/17 MP: 4/4
    43 | D:1      | Reached XP level 2. HP: 23/23 MP: 5/5
   149 | D:1      | Found Iwnoog's Book Shop.
   259 | D:2      | Slain by an adder

Illustrated notes

Levels and vault maps discovered:
D:1:      dpeg_arrival_tiny_a, layout_rooms, serial_shops, shop, shop_statue,
          minmay_vboxes
D:2:      layout_loops_ring, basic_altar

Skill      XL: |  1 |
---------------+----+-----
Fire Magic     | 2 |  2.0
Fighting       | |  2.5
Short Blades   | |  0.5
Long Blades    | |  0.5
Axes           | |  0.5
Maces & Flails | |  0.5
Polearms       | |  0.5
Staves         | |  0.5
Ranged Weapons | |  4.5
Throwing       | |  0.5
Armour         | |  0.5
Dodging        | |  4.5
Stealth        | |  0.5
Shields        | |  0.5
Unarmed Combat | |  0.5
Spellcasting   | |  2.7
Conjurations   | |  0.4
Hexes          | |  5.4
Summonings     | |  0.4
Necromancy     | |  0.4
Translocations | |  0.4
Ice Magic      | |  0.4
Air Magic      | |  0.4
Earth Magic    | |  0.4
Alchemy        | |  0.4
Invocations    | |  0.7
Evocations     | |  0.5
Shapeshifting  | |  0.5

Action                     || total
---------------------------++-------
   Fire: Sling             ||    43
    Use: Scroll            ||     4
 Armour: Robe              ||    32
  Dodge: Dodged            ||    48
